 Dungeon Crawl Stone Soup version 0.29-a0-22-gbf593b16ee (webtiles) character file.

Game seed: 15194822440249889446

53 issech the Cudgeller (level 3, 0/36 HPs)
             Began as a Troll Monk on Jan 29, 2022.
             Asphyxiated
             ... on level 4 of the Dungeon.
             The game lasted 00:08:53 (2548 turns).

issech the Cudgeller (Troll Monk)                   Turns: 2548, Time: 00:08:53

Health: 0/36       AC:  4    Str: 19    XL:     3   Next: 64%
Magic:  2/2        EV: 14    Int:  6    God:
Gold:   244        SH:  5    Dex: 14    Spells: 2/2 levels left

rFire   . . .      SeeInvis .   a - +0 mace
rCold   . . .      Faith    .   (no shield)
rNeg    . . .      Spirit   .   b - +0 robe
rPois   .          Reflect  +   (helmet restricted)
rElec   .          Harm     .   (no cloak)
rCorr   .          Rampage  .   (gloves unavailable)
Will    .....                   (boots unavailable)
Stlth   ++........              i - amulet of reflection
HPRegen 0.92/turn               r - +4 ring of evasion
MPRegen 0.08/turn               (no ring)

@: lethally poisoned (0 -> -14), slowed, very slow
A: large, unfitting armour, claws 3, regeneration 1, shaggy fur 1, tough skin 1
a: no special abilities


You were on level 4 of the Dungeon.
You visited 1 branch of the dungeon, and saw 4 of its levels.

You collected 244 gold pieces.

Inventory:

Hand Weapons
 a - a +0 mace (weapon)
 m - a +1 dagger of draining
 s - the +5 spear "Dragonbane" {chaos, rElec Int+2}
   (You found it on level 3 of the Dungeon)

   Each time it hits an enemy it has a different, random effect.
   Int:       It affects your intelligence (+2).
   rElec:     It insulates you from electricity.
Missiles
 d - 29 bolts
 h - 75 stones (quivered)
 j - 19 sling bullets
 n - 49 arrows
Armour
 b - a +0 robe (worn)
Jewellery
 i - an amulet of reflection (around neck)
 r - a +4 ring of evasion (left claw)
Scrolls
 f - a scroll of enchant weapon {unknown}
 k - 3 scrolls of identify {unknown}
 l - 3 scrolls of teleportation {unknown}
 t - a scroll of blinking {unknown}
Potions
 c - a potion of brilliance {unknown}
 e - a potion of haste {unknown}
 g - 2 potions of lignification {unknown}
 o - 3 potions of attraction {unknown}
 p - a potion of invisibility {unknown}
 q - a potion of magic {unknown}
 u - 2 potions of degeneration {unknown}
 v - a potion of cancellation {unknown}
 w - a potion of mutation {unknown}


   Skills:
 + Level 2.9 Fighting
 + Level 3.3 Maces & Flails
 + Level 2.7 Dodging
 + Level 1.2 Stealth
 + Level 0.1 Shields


You had 2 spell levels left.
You didn't know any spells.
Your spell library contained the following spells:

 Spells                   Type           Power      Damage    Failure   Level
 Magic Dart               Conj           0%         1d3       45%         1
 Slow                     Hex            0%         N/A       45%         1
 Searing Ray              Conj           0%         2d4       58%         2
 Confusing Touch          Hex            0%         N/A       83%         3
 Summon Guardian Golem    Hex/Summ       0%         N/A       83%         3
 Vampiric Draining        Necr           0%         2d6       83%         3
 Fulminant Prism          Conj/Hex       0%         3d6       99%         4
 Orb of Destruction       Conj           0%         9d5       100%        7
 Spellforged Servitor     Conj/Summ      0%         N/A       100%        7


Dungeon Overview and Level Annotations

Branches:
Dungeon (4/15)
 Temple: D:4-7

Altars:
Dithmenos


Innate Abilities, Weirdness & Mutations

You are too large for most types of armour.
You have claws for hands.
Your natural rate of healing is unusually fast.
You are covered in fur. (AC +1)
You have tough skin. (AC +1)


Message History

The curare-tipped dart completely misses you.
The goblin shoots a stone.
The stone barely misses you.
The goblin shoots a stone.
The stone hits you but does no damage.
The goblin shoots a stone.
You reflect the stone off an invisible shield around you!
The stone barely misses the goblin.
The kobold brigand throws a curare-tipped dart.
The curare-tipped dart hits you.
You are poisoned.
You have difficulty breathing.
You feel yourself slow down.
You feel very sick.
The goblin shoots a stone.
The stone misses you.
The kobold brigand throws a curare-tipped dart.
The curare-tipped dart hits you.
You are more poisoned.
You have difficulty breathing.
You feel as though you will be slow longer.
The goblin shoots a stone.
The stone hits you but does no damage.
You feel extremely sick.
The goblin shoots a stone.
You reflect the stone off an invisible shield around you!
The stone misses the goblin.
You feel very sick.
The kobold brigand throws a curare-tipped dart.
The curare-tipped dart barely misses you.
The goblin shoots a stone.
You reflect the stone off an invisible shield around you!
The stone hits the goblin!
You kill the goblin!
The kobold brigand throws a curare-tipped dart.
You reflect the curare-tipped dart off an invisible shield around you!
The curare-tipped dart closely misses the kobold brigand.
Your life force feels restored.
You feel very sick.
You feel sick.
The kobold brigand throws a curare-tipped dart.
The curare-tipped dart hits you.
You are lethally poisoned!
You have difficulty breathing.
You die...

##..# #....###.|..#
#...###...........##
#............#.....##..
#...####....#.........
#....................
###......K.).....#..#
#................>.#
##........###.....#.
##..^.@..........##
##.............##..#
#.....<..#..#### #...
#............# $..
###.....#....#
#.....##....# ###..#
#..## ### ###


You could see a kobold brigand.

Vanquished Creatures
  An adder (D:2)
  2 worms
  9 ball pythons
  3 bats
  An endoplasm (D:1)
  2 giant cockroaches (D:1)
  4 goblins
  4 hobgoblins
  4 frilled lizards
  3 kobolds
  5 rats
38 creatures vanquished.

Notes
Turn   | Place    | Note
-------+----------+-------------------------------------------
     0 | D:1      | issech the Troll Monk began the quest for the Orb.
     0 | D:1      | Reached XP level 1. HP: 22/22 MP: 0/0
   257 | D:1      | Reached XP level 2. HP: 29/29 MP: 1/1
   694 | D:1      | Reached skill level 3 in Maces & Flails
  1264 | D:2      | Reached XP level 3. HP: 33/33 MP: 2/2
  1955 | D:3      | Found a shadowy altar of Dithmenos.
  1969 | D:3      | Identified the +5 spear "Dragonbane" {chaos, rElec Int+2}
  2531 | D:4      | Noticed a kobold brigand
  2548 | D:4      | Asphyxiated

Illustrated notes

Levels and vault maps discovered:
D:1:      dpeg_arrival_windows_large_door, layout_loops_corners, serial_rivers,
          chequers_serial_rivers_large_b, chequers_serial_rivers_large_a,
          chequers_serial_rivers_marsh, chequers_serial_rivers_small_a,
          chequers_serial_rivers_micro_e, chequers_serial_rivers_micro_e
D:2:      layout_basic
D:3:      layout_rooms, amcnicky_altar_gilded, minivault_19, moated_statue,
          skrybe_limestone_x, minmay_crystal_room
D:4:      layout_cave_pools, mainiacjoe_overflow_24_doors,
          minmay_temple_entry_large_hall, serial_shops, shop_statue,
          st_stairs_3, nicolae_shop_sticking_my_neck_out

Skill      XL: |  1  2 |
---------------+-------+-----
Maces & Flails | 3 |  3.3
Fighting       | |  2.9
Dodging        | |  2.7
Stealth        | |  1.2
Shields        | |  0.1

Action                   || total
-------------------------++-------
Melee: Mace              ||   109
       Punch             ||     2
 Stab: Sleeping          ||     2
Armor: Robe              ||    53
Dodge: Dodged            ||    99
Block: Other             ||    34
       Reflection        ||     6

Table legend: (Time is in decaauts)
 A = Elapsed time spent in this place.
 B = Non-inter-level travel time spent in this place.
 C = Inter-level travel time spent in this place.
 D = Time resting spent in this place.
 E = Time spent auto-exploring this place.
 F = Levels seen in this place.
 G = Mean time per level.
                   A        B        C        D        E       F      G
               +--------+--------+--------+--------+--------+-----+--------+
         Total |   2648 |   2628 |     20 |      0 |   1106 |   4 |  662.0 |
       Dungeon |   2648 |   2628 |     20 |      0 |   1106 |   4 |  662.0 |
               +--------+--------+--------+--------+--------+-----+--------+

Top non-repeatable levels by time:
     D:1: 1155 daAuts
     D:2: 875 daAuts
     D:3: 573 daAuts
     D:4: 43 daAuts
